 Dungeon Crawl Stone Soup version 0.22-a0-348-gd16d1391c7 (webtiles) character file.

112 Manul the Slasher (level 4, -2/34 HPs)
             Began as a Demonspawn Gladiator on Apr 7, 2018.
             Slain by a hobgoblin
             ... wielding a +0 club
              (6 damage)
             ... on level 3 of the Dungeon.
             The game lasted 00:02:29 (2248 turns).

Manul the Slasher (Demonspawn Gladiator)            Turns: 2248, Time: 00:02:30

Health: -2/34      AC:  6    Str: 14    XL:     4   Next: 64%
Magic:  4/4        EV: 13    Int:  9    God:
Gold:   121        SH:  0    Dex: 16    Spells: 3/3 levels left

rFire    . . .     SeeInvis .   a - +1 long sword
rCold    . . .     Gourm    .   (no shield)
rNeg     . . .     Faith    .   b - +0 leather armour
rPois    .         Spirit   .   c - +0 helmet
rElec    .         Reflect  .   (no cloak)
rCorr    .         Harm     +   (no gloves)
MR       .....                  (no boots)
Stlth    ++........             k - amulet of harm
HPRegen  0.11/turn              (no ring)
MPRegen  0.09/turn              (no ring)

@: no status effects
A: icy blue scales 1, rot immunity
a: no special abilities


You were on level 3 of the Dungeon.
You were hungry.

You visited 1 branch of the dungeon, and saw 3 of its levels.

You collected 121 gold pieces.

Inventory:

Hand Weapons
 a - a +1 long sword (weapon)
Missiles
 d - 3 throwing nets (quivered)
Armour
 b - a +0 leather armour (worn)
 c - a +0 helmet (worn)
Jewellery
 k - an amulet of harm (around neck)
Scrolls
 h - 2 scrolls of teleportation
 o - a scroll of magic mapping
 p - a scroll of blinking
 r - a scroll of enchant weapon
Potions
 e - a potion of mutation {unknown}
 l - a potion of degeneration {unknown}
 m - a potion of agility
 n - a potion of flight {unknown}
Comestibles
 f - 3 rations


   Skills:
 + Level 2.3 Fighting
 + Level 4.1 Long Blades
 + Level 1.9 Throwing
 + Level 1.1 Armour
 + Level 3.1 Dodging
 + Level 0.9 Stealth


You had 3 spell levels left.
You didn't know any spells.

Dungeon Overview and Level Annotations

Branches:
Dungeon (3/15)

Altars:
Dithmenos
Vehumet
Xom

Annotations:
D:2 1 runed door, Crazy Yiuf


Innate Abilities, Weirdness & Mutations

You are partially covered in icy blue scales. (AC +2)
You are immune to rotting.


Message History

You riposte.
You hit the centaur.
The centaur is severely wounded.
You are feeling hungry.
You completely miss the centaur.
The centaur is severely wounded.
The giant cockroach bites you but does no damage.
The centaur hits you. The giant cockroach misses you. The centaur hits you.
* * * LOW HITPOINT WARNING * * *
Unknown command.
The centaur wields an uncursed shortbow.
The centaur shoots an arrow.
The arrow completely misses you.
The hobgoblin hits you but does no damage.
The giant cockroach waves its antennae.
The giant cockroach closely misses you.
The centaur shoots an arrow.
The arrow hits you.
* * * LOW HITPOINT WARNING * * *
There is a stone staircase leading up here.
You see here an arrow.
The hobgoblin hits you with a club.
You die...

... ###.....#
#.......)
######.#.....#
......#.....#
#..........#
##..........#
#.(.@.......#
#...#.sgc.....# #.
#...r.....#
#.........#
#.........# .##
#..##†.####
..(.####.##...###.
#....#.#........
#.....#.†....#.


You could see a centaur, a quokka, a giant cockroach and a hobgoblin.

Vanquished Creatures
  A bullfrog skeleton (D:3)
  3 adders
  2 oozes
  A leopard gecko (D:1)
  A ball python (D:3)
  6 bats
  A giant cockroach (D:2)
  9 goblins
  9 hobgoblins
  3 frilled lizards
  2 kobolds (D:2)
  9 rats
47 creatures vanquished.

Notes
Turn   | Place    | Note
-------+----------+-------------------------------------------
     0 | D:1      | Manul the Demonspawn Gladiator began the quest for the Orb.
     0 | D:1      | Reached XP level 1. HP: 16/16 MP: 1/1
    31 | D:1      | Reached skill level 3 in Long Blades
    66 | D:1      | Gained mutation: You are partially covered in icy blue scales. (AC +2) [demonic ancestry]
    66 | D:1      | Reached XP level 2. HP: 5/22 MP: 2/2
  1206 | D:1      | Reached XP level 3. HP: 24/27 MP: 3/3
  1443 | D:2      | Found a runed door.
  1448 | D:2      | Noticed Crazy Yiuf
  1661 | D:2      | Found a shimmering altar of Xom.
  1784 | D:2      | Found a shadowy altar of Dithmenos.
  1863 | D:2      | Found a faded altar of an unknown god.
  1966 | D:2      | Found a radiant altar of Vehumet.
  1969 | D:2      | Gained mutation: You are immune to rotting. [demonic ancestry]
  1969 | D:2      | Reached XP level 4. HP: 32/33 MP: 4/4
  2027 | D:3      | Noticed a centaur
  2226 | D:3      | Reached skill level 4 in Long Blades
  2226 | D:3      | Reached skill level 1 in Armour
  2248 | D:3      | Slain by a hobgoblin

Vault maps used:
D:1:      eino_arrival_druids_welcome
D:2:      lemuel_doored_altar, nicolae_overflow_crystal_walls,
          chequers_ecumenical_altar_twisty, xom_teletrap_fun,
          uniq_crazy_yiuf_cottage
D:3:      gup_sewer_entry_spiral

Skill      XL: |  1  2  3  4 |
---------------+-------------+-----
Long Blades    | 3 4 |  4.1
Dodging        | 3 |  3.1
Armour         | 1 |  1.1
Fighting       | |  2.3
Throwing       | |  1.9
Stealth        | |  0.9

Action                   |  1- 3 |  4- 6 || total
-------------------------+-------+-------++-------
Melee: Long sword        |   120 |    25 ||   145
  Use: Scroll            |     7 |       ||     7
       Potion            |     2 |     2 ||     4
 Stab: Sleeping          |     2 |       ||     2
  Eat: Chunk             |     4 |       ||     4
Armor: Leather armour    |    55 |    13 ||    68
Dodge: Dodged            |   130 |    51 ||   181
       Rpst.: Long sword |    30 |    14 ||    44

Table legend:
 A = Spawn XP
 B = Non-spawn XP
 C = Spawn XP percentage of total XP
 D = Spawn monster count
 E = Non-spawn monster count
 F = Spawn count percentage of total count
 G = Total turns spent on level
                    A         B        C        D         E        F      G
               +---------+---------+-------+---------+---------+-------+---------
         Total |       0 |     161 |   0.0 |       0 |      47 |   0.0 |  2248
               +---------+---------+-------+---------+---------+-------+---------
           D:1 |       0 |      42 |   0.0 |       0 |      22 |   0.0 |  1352
           D:2 |       0 |      57 |   0.0 |       0 |      21 |   0.0 |   851
           D:3 |       0 |      62 |   0.0 |       0 |       4 |   0.0 |    45
               +---------+---------+-------+---------+---------+-------+---------
